 Dungeon Crawl Stone Soup version 0.13-a0-2672-g649a1be (webtiles) character file.

122 JacquesDerrida the Cudgeler (level 3, 0/28 HPs)
             Began as a Demigod Skald on Aug 11, 2013.
             Slain by a hobgoblin (3 damage)
             ... on Level 2 of the Dungeon.
             The game lasted 00:02:53 (1659 turns).

JacquesDerrida the Cudgeler (Demigod Skald)         Turns: 1659, Time: 00:02:53

HP   0/28        AC  3     Str 16      XL: 3   Next: 32%
MP   9/9         EV 11     Int 16      God:
Gold 73          SH  0     Dex 16      Spells:  2 memorised,  2 levels left

Res.Fire  : . . .   See Invis. : .   a - +0 mace
Res.Cold  : . . .   Warding    : .   b - +0 leather armour
Life Prot.: . . .   Conserve   : .   (no shield)
Res.Poison: .       Res.Corr.  : .   (no helmet)
Res.Elec. : .       Clarity    : .   (no cloak)
Sust.Abil.: + .     Spirit.Shd : .   (no gloves)
Res.Mut.  : .       Stasis     : .   (no boots)
Res.Rott. : .       Flight     : .   l - amulet of faith {unknown}
Saprovore : . . .                    (no ring)
                                     j - ring of sustain abilities {unknown}

@: slightly resistant to hostile enchantments, unstealthy
A: no striking features
a: no special abilities


You were on level 2 of the Dungeon.
You were very hungry.

You visited 1 branch of the dungeon, and saw 2 of its levels.

You collected 53 gold pieces.

Inventory:

Hand weapons
 a - a +0,+0 mace (weapon)
Missiles
 f - 17 poisoned needles
Armour
 b - a +0 leather armour (worn)
Comestibles
 d - 2 bread rations
Scrolls
 e - a scroll of curse armour {unknown}
 g - 3 scrolls of identify {unknown}
 i - a scroll of teleportation {unknown}
 k - a scroll of remove curse {unknown}
Jewellery
 j - a ring of sustain abilities (left hand) {unknown}
 l - an amulet of faith (around neck) {unknown}
Potions
 h - 2 potions of heal wounds {unknown}
Books
 c - a book of Battle

   Spells                             Type                      Level
   *Infusion                          Charms                       1
   *Shroud of Golubria                Charms/Translocation         2
   Song of Slaying                    Charms                       2
   Spectral Weapon                    Hexes/Charms                 3
   Regeneration                       Charms/Necromancy            3
   Song of Shielding                  Charms                       4


   Skills:
 - Level 1.7 Fighting
 + Level 3.6 Maces & Flails
 - Level 0.8 Armour
 - Level 0.8 Dodging
 - Level 1.7 Spellcasting
 - Level 2.6 Charms


You had 2 spell levels left.
You knew the following spells:

 Your Spells              Type           Power        Failure   Level  Hunger
a - Infusion              Chrm           ##....       10%         1    ##.....
b - Shroud of Golubria    Chrm/Tloc      #.........   21%         2    ###....


Dungeon Overview and Level Annotations

Branches:
Dungeon (2/27)


Message History

You barely miss the hobgoblin.
The kobold throws a dart.
The dart hits you! The hobgoblin closely misses you.
The kobold throws a dart.
The dart hits you!
The hobgoblin hits you but does no damage.
You see here a dart.
The kobold throws a dart.
The dart hits you! The kobold barely misses you.
You closely miss the kobold. The kobold barely misses you.
The hobgoblin hits you.
You barely miss the kobold. The kobold hits you with a short sword!
The hobgoblin hits you. The hobgoblin barely misses you.
The kobold hits you with a short sword.
* * * LOW HITPOINT WARNING * * *
You hit the kobold.
You kill the kobold!
The hobgoblin hits you but does no damage.
You barely miss the hobgoblin. The hobgoblin hits you.
* * * LOW HITPOINT WARNING * * *
You barely miss the hobgoblin. The hobgoblin hits you.
You die...

#......#.######
#......#.# ####
#......#.# #...
#......#.# #...
#......#.# #...
##'#'###.###... .
#.#.# #...'...
.....#######+#.#
#####..(
#..)@g.....#######.(.
#......(.(.......+...
#.........########...
#.........# #...
#.........# #...
#.........# #...
#.........# .
+.........# .......#


You could see a hobgoblin.

Vanquished Creatures
  2 adders
  An ooze (D:2)
  3 giant geckos
  A ball python (D:1)
  4 goblins (D:1)
  3 hobgoblins (D:1)
  5 kobolds
  3 bats
  4 rats
26 creatures vanquished.

Notes
Turn   | Place    | Note
--------------------------------------------------------------
     0 | D:1      | JacquesDerrida, the Demigod Skald, began the quest for the Orb.
     0 | D:1      | Reached XP level 1. HP: 16/16 MP: 5/5
   309 | D:1      | Reached XP level 2. HP: 21/23 MP: 6/6
   446 | D:1      | Reached skill level 3 in Maces & Flails
   545 | D:1      | Learned a level 2 spell: Shroud of Golubria
  1199 | D:2      | Reached XP level 3. HP: 13/28 MP: 9/9
  1659 | D:2      | Slain by a hobgoblin

Action                   || total
-------------------------++-------
Melee: Mace              ||    82
 Cast: Infusion          ||     3
